 Dungeon Crawl Stone Soup version 0.23-a0-612-gcb482e9 (webtiles) character file.

6 Borgoz the Skirmisher (level 1, 0/19 HPs)
             Began as a Ghoul Abyssal Knight on Dec 21, 2018.
             Was an Initiate of Lugonu.
             Killed from afar by a dart slug (4 damage)
             ... with a slug dart
             ... on level 1 of the Dungeon.
             The game lasted 00:00:28 (158 turns).

Borgoz the Skirmisher (Ghoul Abyssal Knight)         Turns: 158, Time: 00:00:28

Health: 0/19       AC:  3    Str: 15    XL:     1   Next: 90%
Magic:  1/1        EV: 11    Int:  7    God:    Lugonu [......]
Gold:   30         SH:  0    Dex:  8    Spells: 0/0 levels left

rFire    . . .     SeeInvis .     - Unarmed
rCold    + . .     Gourm    .   (no shield)
rNeg     + + +     Faith    .   a - +0 leather armour
rPois    ∞         Spirit   .   (no helmet)
rElec    .         Reflect  .   (no cloak)
rCorr    .         Harm     .   (no gloves)
MR       .....                  (no boots)
Stlth    +.........             (no amulet)
HPRegen  0.00/turn              (no ring)
MPRegen  0.07/turn              (no ring)

@: rotting
A: rotting body, claws 1, carnivore, cold resistance 1, negative energy
resistance 3, inhibited regeneration, torment resistance, unbreathing
a: Renounce Religion


You were on level 1 of the Dungeon.
You worshipped Lugonu.
Lugonu was noncommittal.
You were not hungry.

You visited 1 branch of the dungeon, and saw 1 of its levels.
You visited the Abyss 1 time.

You collected 30 gold pieces.

Inventory:

Armour
 a - a +0 leather armour (worn)
Scrolls
 d - a scroll of teleportation {unknown}
Comestibles
 b - 2 rations
 c - a chunk of flesh


   Skills:
 + Level 3.6 Fighting
 + Level 1.9 Armour
 + Level 0.8 Dodging
 + Level 2.2 Unarmed Combat
 + Level 2.1 Invocations


You couldn't memorise any spells.
You didn't know any spells.
Your spell library was empty.

Dungeon Overview and Level Annotations

Branches:
Dungeon (1/15)

Altars:


Innate Abilities, Weirdness & Mutations

Your body is rotting away.
You thrive on raw meat.
You are immune to poison.
You have sharp fingernails.
You are carnivorous and can eat meat at any time.
Your flesh is cold resistant. (rC+)
You are immune to negative energy. (rN+++)
You do not regenerate when monsters are visible.
You are immune to unholy pain and torment.
You can survive without breathing.


Message History

You are too injured to fight recklessly!
You are too injured to fight recklessly!
You are too injured to fight recklessly!
You are too injured to fight recklessly!
You are too injured to fight recklessly!
You are too injured to fight recklessly!
You are too injured to fight recklessly!
You are too injured to fight recklessly!
You are too injured to fight recklessly!
You are too injured to fight recklessly!
Unknown command.
You scratch the hobgoblin but do no damage.
The hobgoblin hits you with a +0 club.
* * * LOW HITPOINT WARNING * * *
A dart slug comes into view.
You scratch the hobgoblin.
The hobgoblin is moderately wounded.
The dart slug launches a dart at you. The slug dart hits you!
You die...

.......)####...#####
......#.## #........
.........# #...#####
'''''##.).##...#
......###......#####
........##.........#
........##...†####.#
#'''#######...####.#
......§§#g#....g@..#
.###.8§.###...#g#..#
.......§§§#....)#..#
........§§#..........
....§...≈≈#...###.####
....§.≈≈≈≈#...# .#
≈§.≈§≈≈≈≈≈#.... w#
≈≈<≈§≈≈≈≈≈#... ##
###########..


You could see a dart slug and 2 hobgoblins.

Vanquished Creatures
  A giant cockroach (D:1)
  2 hobgoblins (D:1)
  A goblin (D:1)
  A kobold (D:1)
  A rat (D:1)
6 creatures vanquished.

Notes
Turn   | Place    | Note
-------+----------+-------------------------------------------
     0 | Abyss:1  | Borgoz the Ghoul Abyssal Knight began the quest for the
                  | Orb.
     0 | Abyss:1  | Reached XP level 1. HP: 19/19 MP: 1/1
    77 | Abyss:1  | Noticed a worldbinder
    96 | Abyss:1  | Noticed a golden eye
    97 | D:1      | Escaped the Abyss
   158 | D:1      | Killed from afar by a dart slug

Vault maps used:
D:1:      lordsloth_arrival_two_stooges
Abyss:1:  gammafunk_corrupted_shrine

Action                   || total
-------------------------++-------
Melee: Unarmed           ||    22
Invok: Depart the Abyss  ||     1
Armor: Leather armour    ||     1
Dodge: Dodged            ||     8

Table legend:
 A = Non-vault XP
 B = Vault XP
 C = Vault XP percentage of total XP
 D = Non-vault monster count
 E = Vault monster count
 F = Vault count percentage of total count
                 A         B        C        D         E       F
            +---------+---------+-------+---------+---------+-------
      Total |       9 |       0 |   0.0 |       6 |       0 |   0.0
            +---------+---------+-------+---------+---------+-------
        D:1 |       9 |       0 |   0.0 |       6 |       0 |   0.0
            +---------+---------+-------+---------+---------+-------
